 Dungeon Crawl Stone Soup version 0.31-a0-161-gb58dd9be76 (webtiles) character file.

Game seed: 936855443943494881

76 qw the Chopper (level 4, -2/28 HPs)
             Began as a Gargoyle Fighter on June 12, 2023.
             Slain by Jessica
             ... wielding a +5 club
              (3 damage)
             ... on level 3 of the Dungeon.
             The game lasted 00:00:57 (1893 turns).

qw the Chopper (Gargoyle Fighter)                   Turns: 1893, Time: 00:00:57

Health: -2/28      AC: 10    Str: 22    XL:     4   Next: 32%
Magic:  4/4        EV: 10    Int:  8    God:
Gold:   83         SH:  5    Dex: 15    Spells: 3/3 levels left

rFire   . . .        Y - +0 war axe
rCold   . . .        c - +0 buckler
rNeg    + . .        b - +0 scale mail
rPois   inf          (no helmet)
rElec   +            (no cloak)
rCorr   .            (no gloves)
SInv    .            (no boots)
Will    .....        (no amulet) Stlth
                     a - +6 ring of dexterity
HPRegen 0.24/turn    (no ring)
MPRegen 0.09/turn

%: no passive effects
@: slowed, very slow
A: sickness immunity, AC +3, negative energy resistance 1, electricity
resistance, torment resistance 1, petrification resistance
a: no special abilities


You were on level 3 of the Dungeon.
You visited 1 branch of the dungeon, and saw 3 of its levels.

You collected 83 gold pieces.


Innate Abilities, Weirdness & Mutations

You are immune to sickness and miasma.
Your stone body is resilient. (AC +3)
You are immune to poison.
You resist negative energy. (rN+)
You are resistant to electric shocks. (rElec)
You are resistant to unholy torment.
You are immune to petrification.


   Skills:
 - Level 3.2 Fighting
 + Level 3.7 Axes
 - Level 3.2 Armour
 - Level 1.0 Dodging
 - Level 3.2 Shields


You had 3 spell levels left.
You didn't know any spells.
Your spell library was empty.

Inventory:

Hand Weapons
 e - a +0 club
 Y - a +0 war axe (weapon)
Armour
 b - a +0 scale mail (worn)
 c - a +0 buckler (worn)
Jewellery
 a - a +6 ring of dexterity (left hand)
 g - a ring of fire
Potions
 d - 3 potions of might
 f - 3 potions of curing
 h - a potion of heal wounds {unknown}
 i - 2 potions of haste
 j - a potion of degeneration {unknown}
 k - 4 potions of lignification
 l - a potion of magic {unknown}
 n - a potion of brilliance {unknown}

Dungeon Overview and Level Annotations

Branches:
Dungeon (3/15)

Altars:
Fedhas
Ru

Shops:
D:2 [

Annotations:
D:3 2 transporters, Jessica


Message History

The ball python bites you but does no damage.
The ball python constricts you.
You closely miss the ball python. You miss the adder.
The adder bites you but does no damage.
The ball python bites you but does no damage.
The ball python constricts you.
Jessica points at you and mumbles some strange words.
You feel yourself slow down. The adder bites you but does no damage.
You block the ball python's attack. The ball python constricts you.
You hit the ball python.
The ball python is heavily wounded.
You hit Jessica. You hit the adder. Jessica hits you with a +5 club!
The adder bites you but does no damage. Jessica hits you with a +5 club.
The ball python bites you but does no damage.
The ball python constricts you. The adder bites you but does no damage.
Jessica hits you with a +5 club. The ball python closely misses you.
The ball python constricts you. The adder bites you but does no damage.
You slash the ball python!
You kill the ball python!
You hit the adder.
You kill the adder!
You barely miss Jessica. Jessica casts a spell at you.
You feel as though you will be slow longer.
Jessica hits you with a +5 club.
Jessica grins evilly.
Jessica misses you.
Your Dodging skill increases to level 1!
You closely miss Jessica.
Jessica is lightly wounded.
You barely miss the gnoll. Jessica hits you but does no damage.
You block the gnoll's attack. Jessica hits you but does no damage.
The gnoll hits you with a +0 whip. Jessica hits you with a +5 club!
You hit Jessica but do no damage.
Jessica is lightly wounded.
You hit the gnoll but do no damage. Jessica hits you with a +5 club.
You die...

# ###############
###.### #.............#
....... #.##...........
...>..@###.#..#########.
......%@...#.##bs.....##
#...##g###.#.#8S......8#
# #g #.#.#s......[$# #g
....#.......$_# ..
....^#..^....$.#
#.###...#.......)_# ..
#.#.#.......[$# ..
#..)#8. .....8#
S.#.##?..^...##


You could see 3 gnolls and Jessica (fast).

Vanquished Creatures
  2 adders
  2 worms (D:2)
  6 bats
  8 endoplasms
  A giant cockroach (D:3)
  9 hobgoblins
  2 kobolds
  A quokka (D:1)
  4 ball pythons
  6 goblins
  3 rats
44 creatures vanquished.

Notes
Turn   | Place    | Note
-------+----------+-------------------------------------------
     0 | D:1      | qw the Gargoyle Fighter began the quest for the Orb.
     0 | D:1      | Reached XP level 1. HP: 14/14 MP: 1/1
     0 | D:1      | 0 ||| qw: Version: 0.2-a-29-gc1b59c4
     0 | D:1      | 0 ||| qw: Game counter: 4237
     0 | D:1      | 0 ||| qw: Always use a shield: true
     0 | D:1      | 0 ||| qw: God list: Okawaru
     0 | D:1      | 0 ||| qw: Allow faded altars: false
     0 | D:1      | 0 ||| qw: Do Orc after D:15 true
     0 | D:1      | 0 ||| qw: Do second Lair branch before Depths: true
     0 | D:1      | 0 ||| qw: Lair rune preference: random
     0 | D:1      | 0 ||| qw: Plans: Normal, Zot:1-4, Slime:5, God:TSO, Crypt,
                  | Tomb, Abyss, Pan, Hells, Win
     0 | D:1      | 0 ||| PLANNING D:1-11
    54 | D:1      | 54 ||| Stepping ~*~*~tactically~*~*~ (stealth).
   140 | D:1      | Reached XP level 2. HP: 19/19 MP: 2/2
   463 | D:1      | Reached skill level 3 in Axes
   830 | D:1      | 830 ||| READING scroll labelled XAISKI GOCEPH.
   831 | D:1      | 831 ||| DRINKING 3 fizzy orange potions.
   832 | D:1      | 832 ||| DRINKING 3 clear potions.
   890 | D:2      | Reached XP level 3. HP: 23/23 MP: 3/3
  1388 | D:2      | Found Rojyn's Antique Armour Shoppe.
  1397 | D:2      | 1397 ||| SHOPLISTING +15 Maxwell's patent armour {-Cast
                  | -Tele rElec Will+ rCorr} (3298 gold, have 74).
  1397 | D:2      | 1397 ||| SHOPLISTING glowing ring mail (217 gold, have 74).
  1397 | D:2      | 1397 ||| SHOPLISTING pair of gloves (139 gold, have 74).
  1397 | D:2      | 1397 ||| SHOPLISTING plate armour (713 gold, have 74).
  1397 | D:2      | 1397 ||| SHOPLISTING runed gold dragon scales (2573 gold,
                  | have 74).
  1482 | D:2      | Reached XP level 4. HP: 25/28 MP: 4/4
  1640 | D:2      | 1640 ||| UPGRADING to +6 ring of dexterity.
  1641 | D:2      | 1641 ||| READING scroll labelled ASUJOA IMUTUO.
  1642 | D:2      | 1642 ||| READING scroll labelled DORUVV PURAO.
  1643 | D:2      | 1643 ||| READING scroll labelled TIXO ZAMACH.
  1648 | D:2      | 1648 ||| READING scroll labelled KOOPPUZAEG.
  1649 | D:2      | 1649 ||| DRINKING 3 murky ruby potions.
  1847 | D:3      | Found a blossoming altar of Fedhas.
  1848 | D:3      | Found a sacrificial altar of Ru.
  1849 | D:3      | Noticed a scorpion
  1849 | D:3      | Noticed a scorpion
  1851 | D:3      | Found a transporter.
  1864 | D:3      | Found a transporter.
  1880 | D:3      | 1880 ||| Stepping ~*~*~tactically~*~*~ (stealth).
  1884 | D:3      | Noticed Jessica
  1892 | D:3      | Reached skill level 1 in Dodging
  1892 | D:3      | HP: 1/28 [Jessica/+5 club (9)]
  1893 | D:3      | Slain by Jessica

Levels and vault maps discovered:
D:1:      arrival_zaba_pyramid, layout_basic, grunt_decor_one_mirror,
          minmay_misc_feat_square
D:2:      layout_basic, serial_shops, shop
D:3:      layout_loops_ring, gammafunk_temple_overflow_arena, minivault_27,
          uniq_jessica

Skill      XL: |  1  2  3  4 |
---------------+-------------+-----
Axes           | 2 3 |  3.7
Dodging        | 1 |  1.0
Fighting       | |  3.2
Armour         | |  3.2
Shields        | |  3.2

Action                     |  1- 3 |  4- 6 || total
---------------------------+-------+-------++-------
  Melee: War axe           |    96 |    26 ||   122
    Use: Potion            |     2 |     1 ||     3
         Scroll            |     1 |     4 ||     5
 Armour: Scale mail        |    47 |    15 ||    62
  Dodge: Dodged            |    39 |     9 ||    48
  Block: Buckler           |    14 |     7 ||    21

Table legend:
 A = Non-vault XP
 B = Vault XP
 C = Vault XP percentage of total XP
 D = Non-vault monster count
 E = Vault monster count
 F = Vault count percentage of total count
                 A         B        C        D         E       F
            +---------+---------+-------+---------+---------+-------
      Total |     109 |       0 |   0.0 |      44 |       0 |   0.0
            +---------+---------+-------+---------+---------+-------
        D:1 |      32 |       0 |   0.0 |      18 |       0 |   0.0
        D:2 |      50 |       0 |   0.0 |      17 |       0 |   0.0
        D:3 |      27 |       0 |   0.0 |       9 |       0 |   0.0
            +---------+---------+-------+---------+---------+-------
